 Dungeon Crawl Stone Soup version 0.29.0-4-gdea44cf6ec (webtiles) character file.

Game seed: 4966768861593659665

112 qw the Chopper (level 4, -3/28 HPs)
             Began as a Gargoyle Fighter on Sept 9, 2022.
             Slain by a gnoll
             ... wielding a +0 halberd
              (5 damage)
             ... on level 3 of the Dungeon.
             The game lasted 00:00:47 (2053 turns).

qw the Chopper (Gargoyle Fighter)                   Turns: 2053, Time: 00:00:48

Health: -3/28      AC: 14    Str: 21    XL:     4   Next: 93%
Magic:  4/4        EV:  7    Int:  9    God:
Gold:   191        SH:  4    Dex:  9    Spells: 3/3 levels left

rFire   . . .      SeeInvis .   Y - +0 war axe
rCold   . . .      Faith    .   c - +0 buckler
rNeg    + . .      Spirit   .   i - +0 chain mail
rPois   inf        Reflect  .   (no helmet)
rElec   +          Harm     .   f - +1 cloak
rCorr   .          Rampage  .   (no gloves)
Will    .....                   (no boots)
Stlth   ..........              (no amulet)
HPRegen 0.09/turn               (no ring)
MPRegen 0.09/turn               (no ring)

@: no status effects
A: sickness immunity, AC +3, negative energy resistance 1, electricity
resistance, torment resistance 1, petrification resistance
a: no special abilities


You were on level 3 of the Dungeon.
You visited 1 branch of the dungeon, and saw 3 of its levels.

You collected 191 gold pieces.


Innate Abilities, Weirdness & Mutations

You are immune to sickness and miasma.
Your stone body is resilient. (AC +3)
You are immune to poison.
You resist negative energy. (rN+)
You are resistant to electric shocks. (rElec)
You are resistant to unholy torment.
You are immune to petrification.


   Skills:
 - Level 3.2 Fighting
 + Level 4.5 Axes
 - Level 3.2 Armour
 - Level 3.2 Shields


You had 3 spell levels left.
You didn't know any spells.
Your spell library was empty.

Inventory:

Hand Weapons
 b - a +0 flail
 Y - a +0 war axe (weapon)
Armour
 c - a +0 buckler (worn)
 f - a +1 cloak (worn)
 i - a +0 chain mail (worn)
Scrolls
 g - a scroll of enchant armour {unknown}
 j - a scroll of brand weapon {unknown}
 k - 3 scrolls of fear {unknown}
 l - a scroll of enchant weapon {unknown}
Potions
 a - a potion of degeneration {unknown}
 d - a potion of might
 e - a potion of brilliance {unknown}
 h - a potion of magic {unknown}

Dungeon Overview and Level Annotations

Branches:
Dungeon (3/15)

Altars:
Trog


Message History

You open the door.
There is an open door here.
You now have 144 gold pieces (gained 7).
You now have 156 gold pieces (gained 12).
You now have 157 gold pieces (gained 1).
You now have 167 gold pieces (gained 10).
You now have 173 gold pieces (gained 6).
You now have 186 gold pieces (gained 13).
You now have 191 gold pieces (gained 5).
There is an open door here.
There is a stone staircase leading down here.
You see here a +0 short sword.
There is a stone staircase leading up here. 2 gnolls come into view.
A gnoll is wielding a +1 whip of electrocution.
The gnoll shouts! x2; You hear a shout!
A gnoll comes into view. It is wielding a +0 halberd.
The gnoll hits you with a +1 whip of electrocution.
The gnoll hits you but does no damage.
You hit the gnoll.
The gnoll is moderately wounded.
The gnoll hits you but does no damage. x2
You hit the gnoll.
The gnoll is severely wounded.
The gnoll hits you with a +1 whip of electrocution.
The gnoll barely misses you.
The gnoll hits you but does no damage. x2
The gnoll hits you from afar with a +0 halberd.
The gnoll hits you from afar with a +0 halberd!
You slash the gnoll!
You kill the gnoll!
The gnoll barely misses you.
The gnoll hits you from afar with a +0 halberd!
An adder comes into view.
The adder hisses angrily.
The gnoll barely misses you. You block the gnoll's attack.
Things that are here:
a +1 whip of electrocution; a gnoll corpse You barely miss the gnoll.
You slash the gnoll! The gnoll hits you but does no damage.
The gnoll hits you with a +0 halberd.
You die...

.#.#######..#
#.#
.#....%....##
#.# .....##.#..#
#.# #######...##
#.# ## ###.#
#.## .# ##.)#
#..# .# #..##
##.# .### #.##
#.# ...####.#
#@# ##.##...#
#.gg....#
#....###
...#S#####
#####.####..####
.. ....%......#
#.# #####.######
.# ## ##.## ..
.# #...# #.# .#
#...#


You could see 2 gnolls and an adder.

Vanquished Creatures
  Jessica (D:3)
  A gnoll (D:3)
  3 adders (D:2)
  A worm (D:3)
  2 dart slugs (D:2)
  An orc (D:3)
  5 ball pythons
  2 bats
  6 endoplasms
  A giant cockroach (D:2)
  A goblin (D:1)
  7 hobgoblins
  4 kobolds
  2 quokkas
  A frilled lizard (D:1)
  2 rats
40 creatures vanquished.

Notes
Turn   | Place    | Note
-------+----------+-------------------------------------------
     0 | D:1      | qw the Gargoyle Fighter began the quest for the Orb.
     0 | D:1      | Reached XP level 1. HP: 14/14 MP: 1/1
     0 | D:1      | 0 ||| qw: Version: 0.1-a-113-g051387a
     0 | D:1      | 0 ||| qw: Game counter: 7160
     0 | D:1      | 0 ||| qw: Always use a shield: true
     0 | D:1      | 0 ||| qw: God list: Okawaru
     0 | D:1      | 0 ||| qw: Allow faded altars: false
     0 | D:1      | 0 ||| qw: Do Orc after D:15 true
     0 | D:1      | 0 ||| qw: Do second Lair branch before Depths: true
     0 | D:1      | 0 ||| qw: Lair rune preference: random
     0 | D:1      | 0 ||| qw: Plans: Normal, Zot, God:TSO, Crypt, Tomb, Zig,
                  | Orb
     0 | D:1      | 0 ||| PLANNING D:1-11
   221 | D:1      | Reached skill level 2 in Axes
   277 | D:1      | You fall into a shaft and drop 1 floor!
   282 | D:2      | 282 ||| Stepping ~*~*~tactically~*~*~ (stealth).
   288 | D:2      | Reached XP level 2. HP: 19/19 MP: 2/2
   298 | D:2      | Found a faded altar of an unknown god.
   301 | D:2      | 301 ||| Stepping ~*~*~tactically~*~*~ (hiding).
   488 | D:2      | 488 ||| Stepping ~*~*~tactically~*~*~ (stealth).
   489 | D:2      | 489 ||| Stepping ~*~*~tactically~*~*~ (stealth).
   557 | D:2      | Reached skill level 3 in Axes
   642 | D:2      | 642 ||| Stepping ~*~*~tactically~*~*~ (hiding).
   647 | D:2      | Reached XP level 3. HP: 21/23 MP: 3/3
   732 | D:2      | 732 ||| UPGRADING to +1 cloak.
   737 | D:2      | 737 ||| READING scroll labelled EPTESO MEMP.
   824 | D:1      | 824 ||| Stepping ~*~*~tactically~*~*~ (stealth).
  1155 | D:1      | 1155 ||| READING scroll labelled WOKOMO EGASK.
  1156 | D:1      | 1156 ||| READING scroll labelled DIGEPTONNE.
  1335 | D:2      | 1335 ||| Stepping ~*~*~tactically~*~*~ (stealth).
  1398 | D:2      | 1398 ||| Stepping ~*~*~tactically~*~*~ (stealth).
  1401 | D:2      | 1401 ||| Stepping ~*~*~tactically~*~*~ (stealth).
  1415 | D:2      | Reached XP level 4. HP: 22/28 MP: 4/4
  1637 | D:2      | 1637 ||| UPGRADING to +0 chain mail.
  1647 | D:2      | 1647 ||| DROPPING +0 scale mail.
  1656 | D:3      | Noticed Jessica
  1660 | D:3      | Killed Jessica
  1661 | D:3      | Reached skill level 4 in Axes
  1785 | D:3      | 1785 ||| DROPPING +0 mace.
  1786 | D:3      | Found a bloodstained altar of Trog.
  2051 | D:3      | HP: 1/28 [gnoll/+0 halberd (10)]
  2053 | D:3      | Slain by a gnoll

Levels and vault maps discovered:
D:1:      eino_arrival_water_star, layout_basic,
          corexii_item_surrounded_by_moat, minmay_tree_intersection
D:2:      layout_loops_cross, hellmonk_ecumenical_altar_lost_god
D:3:      layout_rooms, amcnicky_altar_gilded, uniq_jessica

Skill      XL: |  1  2  3  4 |
---------------+-------------+-----
Axes           | 2 3 4 |  4.5
Fighting       | |  3.2
Armour         | |  3.2
Shields        | |  3.2

Action                   |  1- 3 |  4- 6 || total
-------------------------+-------+-------++-------
Melee: War axe           |    66 |    37 ||   103
  Use: Scroll            |     3 |       ||     3
Armor: Scale mail        |    35 |       ||    35
       Chain mail        |       |    28 ||    28
Dodge: Dodged            |    22 |    18 ||    40
Block: Buckler           |     9 |     1 ||    10

Table legend:
 A = Non-vault XP
 B = Vault XP
 C = Vault XP percentage of total XP
 D = Non-vault monster count
 E = Vault monster count
 F = Vault count percentage of total count
                 A         B        C        D         E       F
            +---------+---------+-------+---------+---------+-------
      Total |     123 |      37 |  23.1 |      39 |       1 |   2.5
            +---------+---------+-------+---------+---------+-------
        D:1 |      15 |       0 |   0.0 |       8 |       0 |   0.0
        D:2 |      73 |       0 |   0.0 |      20 |       0 |   0.0
        D:3 |      35 |      37 |  51.4 |      11 |       1 |   8.3
            +---------+---------+-------+---------+---------+-------
